 Dungeon Crawl Stone Soup version 0.26.1-11-gd32895ea62 (webtiles) character file.

Game seed: 5669146196435250073

1005 nothank2 the Transmogrifier (level 8, -2/54 HPs)
             Began as a Demonspawn Transmuter on June 24, 2021.
             Was a Follower of Nemelex Xobeh.
             Slain by an orc wizard
             ... wielding a +0 dagger of distortion
              (4 damage)
             ... on level 5 of the Dungeon.
             The game lasted 00:14:19 (6386 turns).

nothank2 the Transmogrifier (Demonspawn Transmuter) Turns: 6386, Time: 00:14:19

Health: -2/54      AC:  2    Str: 10    XL:     8   Next: 0%
Magic:  7/12       EV: 19    Int: 17    God:    Nemelex Xobeh [*.....]
Gold:   224        SH:  0    Dex: 19    Spells: 5/13 levels left

rFire    . . .     SeeInvis .     - Unarmed
rCold    . . .     Faith    .   (shield currently unavailable)
rNeg     . . .     Spirit   .   (armour currently unavailable)
rPois    x         Reflect  .   (helmet currently unavailable)
rElec    .         Harm     .   (cloak currently unavailable)
rCorr    .         Rampage  .   (gloves currently unavailable)
Will     +....                  (boots currently unavailable)
Stlth    ++........             (no amulet)
HPRegen  0.18/turn              x - ring of willpower
MPRegen  0.13/turn              (no ring)

@: spider-form
A: tiny, powered by death 1
a: End Transformation, Renounce Religion, Draw Escape, Draw Destruction, Draw
Summoning


You were on level 5 of the Dungeon.
You worshipped Nemelex Xobeh.
Nemelex Xobeh was aware of your devotion.
You were a venomous arachnid creature.
You visited 1 branch of the dungeon, and saw 5 of its levels.

You collected 334 gold pieces.
You spent 110 gold pieces at shops.

Inventory:

Hand Weapons
 i - a +2 dagger of electrocution
 o - a +0 flail of venom (melded)
Missiles
 d - 10 poisoned darts
Armour
 a - a +0 robe (melded)
 j - a scarf of resistance (melded)
 z - a cursed +0 pair of gloves (melded)
 D - a scarf of harm
Jewellery
 x - a ring of willpower (left front leg)
Wands
 B - a wand of acid (19)
 C - a wand of flame (12)
Scrolls
 b - 3 scrolls of amnesia {unknown}
 f - 9 scrolls of identify {unknown}
 g - a scroll of noise {unknown}
 h - 2 scrolls of fog {unknown}
 k - 3 scrolls of enchant weapon {unknown}
 l - 4 scrolls of remove curse {unknown}
 n - 2 scrolls of teleportation {unknown}
 r - a scroll of immolation {unknown}
 w - a scroll of magic mapping {unknown}
 y - a scroll of blinking {unknown}
Potions
 c - a potion of attraction {unknown}
 e - 2 potions of lignification {unknown}
 m - a potion of berserk rage {unknown}
 p - 2 potions of might {unknown}
 q - 2 potions of brilliance {unknown}
 s - 3 potions of mutation {unknown}
 t - 3 potions of degeneration {unknown}
 u - a potion of cancellation {unknown}
 v - 2 potions of flight {unknown}
 A - a potion of heal wounds {unknown}
 E - a potion of curing {unknown}
 F - a potion of haste


   Skills:
 - Level 1.0 Fighting
 - Level 0.1 Short Blades
 - Level 1.7 Dodging
 - Level 2.6 Unarmed Combat
 - Level 3.0 Spellcasting
 + Level 8.3 Transmutations
 + Level 0.3 Poison Magic


You had 5 spell levels left.
You knew the following spells:

 Your Spells              Type           Power        Failure   Level
a - Beastly Appendage     Tmut           60%          3%          1
b - Spider Form           Tmut/Pois      8%           22%         3
c - Ice Form              Ice/Tmut       16%          52%         4

Your spell library contained the following spells:

 Spells                   Type           Power        Failure   Level
 Wereblood                Tmut           30%          4%          2
 Blade Hands              Tmut           15%          34%         5


Dungeon Overview and Level Annotations

Branches:
Dungeon (5/15)
 Temple: D:4-7

Altars:
Dithmenos
Nemelex Xobeh
Qazlal
Uskayaw
Xom

Shops:
D:4 !


Innate Abilities, Weirdness & Mutations

((You have very sharp fingernails.))
((Your flesh is heat resistant. (rF+)))
You regenerate a little health from kills.
((You are partially covered in razor-sharp scales. (AC +1, Slay +1)))


Message History

Something hits you but does no damage. Space bends around you.
Something hits you. Space bends around you.
* * * LOW HITPOINT WARNING * * *
You are too injured to fight recklessly!
Casting: Spider Form (dangerous; 9% risk of failure)
Press: ? - help, Q - select action, (/) - cycle Dir - look around, f - activate You turn into a venomous arachnid creature.
Your +0 flail of venom melds into your body.
Your scarf of resistance melds into your body.
Your cursed +0 pair of gloves melds into your body.
Your +0 robe melds into your body.
Your +0 flail of venom stops dripping with poison.
You feel hot and cold all over. Something hits you.
* * * LOW HITPOINT WARNING * * *
Space bends around you.
* * * LOW HITPOINT WARNING * * *
You closely miss something. Something hits you.
You die...
Your body disappears without a glow.

##.## #....
#.## ##....
##.# ######
#..## ..
#...##
..####....####
.............#
..........####
.......{s##
.......†##
........##
[...###..#
#... ##.## #..
##.## #.
##.####
#....###
##.....#


There were no monsters in sight!

Vanquished Creatures
  An ice beast (D:5)
  2 phantoms (D:4)
  An ogre (D:4)
  2 centaurs
  2 howler monkeys (D:4)
  2 orc priests (D:4)
  A centaur zombie (D:5)
  3 hounds
  2 centaur skeletons (D:4)
  A worker ant (D:4)
  A hound zombie (D:5)
  3 adders
  A shadow imp (D:4)
  A white imp (D:5)
  2 oozes (D:1)
  4 worms
  3 dart slugs
  3 leopard geckos
  10 orcs
  7 giant cockroaches
  8 goblins
  7 hobgoblins
  2 jackals (D:1)
  2 kobolds
  3 quokkas
  A ball python (D:1)
  8 bats
  2 frilled lizards
  A quokka skeleton (D:4)
  8 rats
94 creatures vanquished.

Notes
Turn   | Place    | Note
-------+----------+-------------------------------------------
     0 | D:1      | nothank2 the Demonspawn Transmuter began the quest for the
                  | Orb.
     0 | D:1      | Reached XP level 1. HP: 15/15 MP: 3/3
    90 | D:1      | Reached skill level 2 in Transmutations
   389 | D:1      | Gained mutation: Your flesh is heat resistant. (rF+)
                  | [demonic ancestry]
   389 | D:1      | Reached XP level 2. HP: 21/21 MP: 3/5
  1080 | D:1      | Gained mutation: You regenerate a little health from kills.
                  | [demonic ancestry]
  1080 | D:1      | Reached XP level 3. HP: 25/26 MP: 5/7
  1705 | D:2      | Found a shimmering altar of Xom.
  1705 | D:2      | Found a stormy altar of Qazlal.
  1706 | D:2      | Found a sparkling altar of Nemelex Xobeh.
  1733 | D:2      | Found a hide-covered altar of Uskayaw.
  1843 | D:2      | Learned a level 3 spell: Spider Form
  1875 | D:2      | Reached skill level 3 in Transmutations
  1930 | D:2      | Noticed a centaur
  1936 | D:2      | Killed a centaur
  1937 | D:2      | Reached skill level 4 in Transmutations
  1937 | D:2      | Gained mutation: You are partially covered in razor-sharp
                  | scales. (AC +1, Slay +1) [demonic ancestry]
  1937 | D:2      | Reached XP level 4. HP: 21/32 MP: 8/8
  1937 | D:2      | Gained mutation: You have sharp fingernails. [demonic
                  | ancestry]
  1937 | D:2      | Reached XP level 5. HP: 24/37 MP: 9/9
  2616 | D:2      | Became a worshipper of Nemelex Xobeh the Trickster
  3411 | D:4      | Reached skill level 5 in Transmutations
  3411 | D:4      | Reached XP level 6. HP: 27/43 MP: 10/10
  3908 | D:4      | Found Amaihesis's Distillery.
  3937 | D:4      | Bought a potion of haste for 110 gold pieces
  4479 | D:4      | Reached skill level 6 in Transmutations
  4636 | D:4      | Gained mutation: You have very sharp fingernails. [demonic
                  | ancestry]
  4636 | D:4      | Reached XP level 7. HP: 12/48 MP: 11/11
  5110 | D:4      | Reached * piety under Nemelex Xobeh
  5116 | D:4      | Learned a level 4 spell: Ice Form
  5298 | D:4      | Reached skill level 7 in Transmutations
  5472 | D:4      | Found a shadowy altar of Dithmenos.
  5579 | D:5      | Entered Level 5 of the Dungeon
  6142 | D:5      | Reached skill level 8 in Transmutations
  6384 | D:5      | Reached XP level 8. HP: 22/54 MP: 10/12
  6385 | D:5      | HP: 2/54 [something (5)]
  6386 | D:5      | Slain by an orc wizard

Illustrated notes

Levels and vault maps discovered:
D:1:      nzn_arrival_settlement, layout_basic, minmay_fountain_box
D:2:      layout_basic, nicolae_overflow_quartered_altars
D:3:      layout_rooms, hangedman_decor_points
D:4:      layout_basic, serial_shops, shop_fountains, kennysheep_diamond
D:5:      layout_layer_cave

Skill      XL: |  1  2  3  4  5  6  7 |
---------------+----------------------+-----
Transmutations | 2 4 5 6 8 |  8.3
Spellcasting   | 3 |  3.0
Fighting       | |  1.0
Short Blades   | |  0.1
Dodging        | |  1.7
Unarmed Combat | |  2.6
Poison Magic   | |  0.3

Action                   |  1- 3 |  4- 6 |  7- 9 || total
-------------------------+-------+-------+-------++-------
Melee: Unarmed           |    33 |       |    54 ||    87
       Kick              |    13 |    17 |     9 ||    39
       Headbutt          |     5 |    12 |       ||    17
       Dagger            |    66 |    68 |       ||   134
       Flail             |       |    60 |    25 ||    85
Throw: Dart              |     1 |     1 |     2 ||     4
 Cast: Beastly Appendage |    26 |    26 |     6 ||    58
       Spider Form       |       |       |     8 ||     8
  Use: Potion            |       |       |     1 ||     1
 Stab: Sleeping          |     1 |       |       ||     1
Armor: Robe              |    15 |    31 |     7 ||    53
       Skin              |       |       |     2 ||     2
Dodge: Dodged            |    55 |    68 |    68 ||   191
